 Dungeon Crawl Stone Soup version 0.24-a0-441-g27f0392e16 (webtiles) character file.

Game seed: 17299683211830267490

875 emperorscorpion the Chopper (level 7, -3/100 HPs)
             Began as a Deep Dwarf Berserker on June 19, 2019.
             Was a Believer of Trog.
             Slain by a wight
             ... wielding a +0 trident
              (11 damage)
             ... on level 12 of the Dungeon.
             The game lasted 00:06:13 (592 turns).

emperorscorpion the Chopper (Deep Dwarf Berserker)   Turns: 592, Time: 00:06:14

Health: -3/100     AC: -5    Str: 28    XL:     7   Next: 74%
Magic:  4/4        EV: 13    Int:  7    God:    Trog [**....]
Gold:   85         SH:  0    Dex: 12    Spells: 6/6 levels left

rFire    . . .     SeeInvis .   a - +2 hand axe (elec)
rCold    . . .     Gourm    .   (no shield)
rNeg     . . .     Faith    .   b - +0 animal skin
rPois    .         Spirit   .   (no helmet)
rElec    .         Reflect  .   (no cloak)
rCorr    .         Harm     .   (no gloves)
MR       +....                  (no boots)
Stlth    ..........             (no amulet)
HPRegen  0.00/turn              i - ring of attention (curse)
MPRegen  0.09/turn              (no ring)

@: berserking, corroded, non-regenerating, lightly drained, very quick
A: damage resistance, heal wounds, sense surroundings 1, no regeneration
a: Heal Wounds, Berserk, Trog's Hand, Renounce Religion


You were on level 12 of the Dungeon.
You worshipped Trog.
Trog was pleased with you.
You were hungry.

You visited 1 branch of the dungeon, and saw 11 of its levels.

You collected 85 gold pieces.

Inventory:

Hand Weapons
 a - a +2 hand axe of electrocution (weapon)
 h - a +0 hand axe
Armour
 b - a +0 animal skin (worn)
Jewellery
 i - a cursed ring of attention (left hand)
Scrolls
 e - a scroll of blinking {unknown}
 k - a scroll of fog {unknown}
Potions
 d - a potion of might
 g - 2 potions of curing {unknown}
 j - a potion of heal wounds
 l - a potion of flight
 m - a potion of magic {unknown}
Comestibles
 c - 6 rations
 f - 8 chunks of flesh


   Skills:
 + Level 5.2(4.9) Fighting
 + Level 7.5(7.2) Axes
 + Level 2.8(2.5) Armour
 + Level 4.3(4.0) Dodging
 - Level 0.2(0.0) Stealth


You had 6 spell levels left.
You didn't know any spells.
Your spell library was empty.

Dungeon Overview and Level Annotations

Branches:
Dungeon (12/15)              Lair (0/6) D:11
 Temple: D:4-7          Orc: D:9-12

Altars:
Cheibriados
Dithmenos

Shops:
D:5 [


Innate Abilities, Weirdness & Mutations

You are resistant to damage.
You can heal yourself by infusing magical energy.
You passively map a small area around you.
You do not regenerate.


Message History

Unknown command.
Unknown command.
You hit the shadow imp.
Lightning courses through the shadow imp!
You kill the shadow imp!
Trog accepts your kill.
You hit the crimson imp. You hit the wight.
The wight hits you with a +0 short sword!
* * * LOW HITPOINT WARNING * * *
The wight barely misses you. The crimson imp hits you.
* * * LOW HITPOINT WARNING * * *
Unknown command.
You hit the crimson imp.
The crimson imp is severely wounded.
You hit the wight but do no damage. Lightning courses through the wight!
The wight barely misses you.
The crimson imp grinds its teeth.
The crimson imp blinks!
The wight hits you from afar with a +0 trident!
You die...

* *#..... *
5##..... * , *
.?.....#*** *
.....# ,. * ....#
, ... #..# *
.....#..###
|....zz@..# * * *
* ,
.####.#.ยง.......
, , ...z5#.######
* * , *###.#5#.#
#.....# ##...##
#... , #...# * ,
, , *


You could see 3 wights and 2 crimson imps.

Vanquished Creatures
  An acid dragon (D:12)
  Duvessa (D:5)
  An orc warrior (D:9)
  A centaur (D:9)
  2 bullfrogs (D:6)
  Dowan (D:5)
  A scorpion (D:5)
  A wight (D:12)
  A hound (D:6)
  An orc wizard (D:9)
  A centaur skeleton (D:6)
  2 worker ants
  3 gnolls (D:7)
  An adder (D:3)
  2 shadow imps
  2 leopard geckos
  6 orcs
  2 giant cockroaches
  A quokka (D:6)
  A ball python (D:2)
  A bat (D:1)
  A frilled lizard (D:3)
  A kobold (D:7)
  A rat (D:3)
36 creatures vanquished.

Notes
Turn   | Place    | Note
-------+----------+-------------------------------------------
     0 | D:1      | emperorscorpion the Deep Dwarf Berserker began the quest
                  | for the Orb.
     0 | D:1      | Reached XP level 1. HP: 20/20 MP: 1/1
    97 | D:3      | Reached XP level 2. HP: 28/28 MP: 2/2
   122 | D:5      | Entered Level 5 of the Dungeon
   125 | D:5      | Found a snail-covered altar of Cheibriados.
   130 | D:5      | Found Jegemmol's Antique Armour Shop.
   146 | D:5      | Noticed a scorpion
   151 | D:5      | Killed a scorpion
   151 | D:5      | Reached skill level 4 in Axes
   151 | D:5      | Reached XP level 3. HP: 34/34 MP: 3/3
   166 | D:5      | Found a shadowy altar of Dithmenos.
   183 | D:5      | Noticed Duvessa
   183 | D:5      | Noticed Dowan
   211 | D:5      | Killed Duvessa
   211 | D:5      | Reached skill level 5 in Axes
   211 | D:5      | Reached XP level 4. HP: 43/44 MP: 4/4
   211 | D:5      | Reached XP level 5. HP: 48/50 MP: 5/5
   214 | D:5      | Killed Dowan
   255 | D:6      | Reached ** piety under Trog
   272 | D:6      | Reached XP level 6. HP: 31/57 MP: 6/6
   368 | D:6      | Reached skill level 6 in Axes
   440 | D:7      | Noticed an insubstantial wisp
   440 | D:7      | Noticed a sky beast
   441 | D:7      | Noticed an insubstantial wisp
   476 | D:7      | Reached XP level 7. HP: 23/66 MP: 6/6
   483 | D:7      | You fall into a shaft and drop 2 floors!
   498 | D:9      | Reached skill level 5 in Fighting
   498 | D:9      | Reached skill level 7 in Axes
   525 | D:10     | Entered Level 10 of the Dungeon
   552 | D:11     | Found a staircase to the Lair.
   592 | D:12     | Slain by a wight

Levels and vault maps discovered:
D:1:      saegor_arrival_simple_a, layout_loops_ring, minmay_misc_feat_alley
D:2:      layout_loops_ring, lemuel_crystal_altar, lemuel_round_altar,
          lemuel_doored_altar, minivault_24, okawaru_metal_pillars_1_2,
          uniq_natasha
D:3:      layout_rooms, makhleb_grotto_becter, minivault_23, tgw_fedhas,
          uniq_sigmund
D:4:      layout_basic, nicolae_overflow_crystal_walls, hangedman_ru_absence,
          first_ration, uniq_menkaure, uniq_ijyb
D:5:      layout_loops_ring, old_standard_altar, cheibriados_altar_1,
          lemuel_zombie_altar_kikubaaqudgha, xom_redecorated,
          minmay_temple_entry_trees, serial_shops, nicolae_shop_trees,
          shop_statue, serial_bayou, serial_bayou_ford_a, serial_bayou_crossing,
          serial_bayou_pond_e, serial_bayou_lagoon_b,
          kennysheep_generic_room_14, uniq_duvessa
D:6:      layout_rooms, uniq_grinder
D:7:      layout_loops_ring, grunt_gozag_statues, grunt_livestock,
          hangedman_misty_isle
D:9:      layout_roguey, basic_altar, lightli_fourway_metalbox, uniq_erolcha
D:10:     layout_long_grid
D:11:     layout_irregular_city, lair_entry_dummy, gammafunk_ghost_hive
D:12:     layout_loops_cross, orc_0_dummy

Skill      XL: |  1  2  3  4  5  6  7 |
---------------+----------------------+-----
Fighting       | 3 4 5 |  5.2
Axes           | 4 5 6 7 |  7.5
Dodging        | 3 4 |  4.3
Armour         | |  2.8
Stealth        | |  0.2

Action                   |  1- 3 |  4- 6 |  7- 9 || total
-------------------------+-------+-------+-------++-------
Melee: Hand axe          |    33 |    85 |    18 ||   136
Invok: Berserk           |     3 |     1 |     2 ||     6
 Abil: Heal Wounds       |     2 |     4 |     3 ||     9
  Use: Potion            |     2 |       |       ||     2
       Scroll            |       |     3 |       ||     3
  Eat: Chunk             |       |     2 |     2 ||     4
Armor: Animal skin       |     7 |     6 |       ||    13
Dodge: Dodged            |    21 |    60 |    11 ||    92

Table legend:
 A = Non-vault XP
 B = Vault XP
 C = Vault XP percentage of total XP
 D = Non-vault monster count
 E = Vault monster count
 F = Vault count percentage of total count
                 A         B        C        D         E       F
            +---------+---------+-------+---------+---------+-------
      Total |    1023 |     228 |  18.2 |      34 |       2 |   5.6
            +---------+---------+-------+---------+---------+-------
        D:1 |       1 |       0 |   0.0 |       1 |       0 |   0.0
        D:2 |       4 |       0 |   0.0 |       2 |       0 |   0.0
        D:3 |      18 |       0 |   0.0 |       4 |       0 |   0.0
        D:5 |      73 |     228 |  75.7 |       2 |       2 |  50.0
        D:6 |     332 |       0 |   0.0 |      11 |       0 |   0.0
        D:7 |      82 |       0 |   0.0 |       7 |       0 |   0.0
        D:9 |     293 |       0 |   0.0 |       4 |       0 |   0.0
       D:12 |     220 |       0 |   0.0 |       3 |       0 |   0.0
            +---------+---------+-------+---------+---------+-------
